 Dungeon Crawl Stone Soup version 0.19.4-12-gccf7e64 (webtiles) character file.

267 Magnus the Grave Robber (level 6, -2/41 HPs)
             Began as a Mummy Necromancer on Feb 27, 2017.
             Slain by Edmund
             ... wielding a +1 dire flail of holy wrath
              (17 damage)
             ... on level 4 of the Dungeon.
             The game lasted 00:12:33 (4966 turns).

Magnus the Grave Robber (Mummy Necromancer)         Turns: 4966, Time: 00:12:34

Health: -2/41      AC:  2    Str: 11    XL:     6   Next: 0%
Magic:  3/12       EV: 12    Int: 16    God:
Gold:   197        SH:  3    Dex: 13    Spells: 3 memorised, 5 levels left

rFire  x . .     SeeInvis .     m - +2 dagger (speed)
rCold  + . .     Gourm    .     a - +0 robe
rNeg   + + +     Faith    .     (no shield)
rPois  ∞         Spirit   .     (no helmet)
rElec  .         Reflect  +     (no cloak)
rCorr  .         Harm     .     (no gloves)
MR     .....                    (no boots)
Stlth  ++........               g - +3 amulet of reflection
                                (no ring)
                                (no ring)

@: no status effects
A: no food or potions, fire vulnerability, cold resistance 1, negative energy
resistance 3, torment resistance, unbreathing
a: no special abilities


You were on level 4 of the Dungeon.
You were not hungry.

You visited 1 branch of the dungeon, and saw 4 of its levels.

You collected 197 gold pieces.

Inventory:

Hand Weapons
 m - a +2 dagger of speed (weapon)
Armour
 a - a +0 robe (worn)
Jewellery
 g - a +3 amulet of reflection (around neck)
 n - a cursed ring of teleportation
Wands
 k - a wand of polymorph (11/24)
Scrolls
 c - 2 scrolls of identify
 d - a scroll of immolation
 e - 2 scrolls of teleportation
 f - 2 scrolls of fog
 h - 2 scrolls of noise {unknown}
 j - 2 scrolls of magic mapping
 o - a scroll of remove curse
Books
 b - a book of Necromancy

   Spells                             Type                      Level
   a - Pain                           Necromancy                   1
   b - Animate Skeleton               Necromancy                   1
   c - Vampiric Draining              Necromancy                   3
   d - Regeneration                   Charms/Necromancy            3
   e - Animate Dead                   Necromancy                   4
   f - Control Undead                 Necromancy                   4
 l - a book of Callings

   Spells                             Type                      Level
   a - Summon Small Mammal            Summoning                    1
   b - Call Imp                       Summoning                    2
   c - Call Canine Familiar           Summoning                    3
   d - Summon Guardian Golem          Hexes/Summoning              3
   e - Summon Lightning Spire         Summoning/Air                4
   f - Summon Ice Beast               Ice/Summoning                4


   Skills:
 - Level 1.5 Dodging
 - Level 1.5 Stealth
 + Level 4.2 Spellcasting
 + Level 6.0 Necromancy


You had 5 spell levels left.
You knew the following spells:

 Your Spells              Type           Power        Failure   Level  Hunger
a - Pain                  Necr           ###.         1%          1    N/A
b - Vampiric Draining     Necr           ###.......   4%          3    N/A
c - Animate Dead          Necr           N/A          14%         4    N/A

Dungeon Overview and Level Annotations

Branches:
Dungeon (4/15)
 Temple: D:4-7

Altars:
Dithmenos
Elyvilon
Nemelex Xobeh
Qazlal

Annotations:
D:4 Edmund


Innate Abilities, Weirdness & Mutations

You do not eat or drink.
Your flesh is vulnerable to fire.
You are immune to poison.
Your flesh is cold resistant. (rC+)
You are immune to negative energy. (rN+++)
You are immune to unholy pain and torment.
You can survive without breathing.


Message History

Aim: Edmund, wielding a dire flail of holy wrath and wearing a leather armour (severely wounded, chance to defeat MR: 81%) Edmund writhes in agony!
Edmund asks, "Have you met my wondrous brother?"
Edmund barely misses you.
Your dart slug zombie barely misses Edmund.
Casting: Pain
Confirm with . or Enter, or press ? or * to list all spells.
Aiming: Pain
Press: ? - help, Shift-Dir - straight line, f/p - Edmund
Aim: Edmund, wielding a dire flail of holy wrath and wearing a leather armour (severely wounded, chance to defeat MR: 81%) Edmund writhes in agony!
Edmund hits you but does no damage.
Casting: Pain
Confirm with . or Enter, or press ? or * to list all spells.
Aiming: Pain
Press: ? - help, Shift-Dir - straight line, f/p - Edmund
Aim: Edmund, wielding a dire flail of holy wrath and wearing a leather armour (severely wounded, chance to defeat MR: 81%) Edmund writhes in agony!
Edmund hits you with a dire flail of holy wrath!
You convulse!
You die...

#.##.##.......####.#.# #
#....................# ##
#...............(........
####......##.#####.......
###.#.....# ##..####
#.#..##.# #..# #
######......(# #
#......#.###.# ######.#@#
#.# #.Z@# ### ###.# #.#
#.# #.# #.# #.# #..


You could see Edmund and a friendly dart slug zombie.

Vanquished Creatures
  Jessica (D:2)
  6 gnolls
  A howler monkey skeleton (D:3)
  8 adders
  An adder zombie (D:3)
  3 worms
  3 dart slugs
  5 leopard geckos
  3 orcs
  2 giant cockroaches
  7 goblins
  9 hobgoblins
  4 jackals (D:2)
  7 kobolds
  5 quokkas
  A ball python (D:2)
  5 bats
  8 frilled lizards
  A leopard gecko zombie (D:3)
  6 rats
86 creatures vanquished.

Notes
Turn   | Place    | Note
-------+----------+-------------------------------------------
     0 | D:1      | Magnus the Mummy Necromancer began the quest for the Orb.
     0 | D:1      | Reached XP level 1. HP: 13/13 MP: 3/3
   477 | D:1      | Reached XP level 2. HP: 19/19 MP: 3/5
  1587 | D:1      | Reached XP level 3. HP: 24/24 MP: 2/7
  2134 | D:2      | Found a white marble altar of Elyvilon.
  2140 | D:2      | Reached XP level 4. HP: 30/30 MP: 2/8
  2394 | D:2      | Found a shadowy altar of Dithmenos.
  2394 | D:2      | Noticed Jessica
  2396 | D:2      | Killed Jessica
  2396 | D:2      | Reached skill level 5 in Necromancy
  2911 | D:2      | Reached XP level 5. HP: 35/35 MP: 3/10
  3202 | D:3      | Found a sparkling altar of Nemelex Xobeh.
  3207 | D:3      | Learned a level 3 spell: Vampiric Draining
  3212 | D:3      | Learned a level 4 spell: Animate Dead
  3849 | D:3      | Found a stormy altar of Qazlal.
  4865 | D:4      | Reached skill level 6 in Necromancy
  4865 | D:4      | Reached XP level 6. HP: 41/41 MP: 6/12
  4952 | D:4      | Noticed Edmund
  4966 | D:4      | Slain by Edmund

Skill      XL: |  1  2  3  4  5 |
---------------+----------------+-----
Spellcasting   | 3 4 |  4.2
Necromancy     | 5 6 |  6.0
Dodging        | |  1.5
Stealth        | |  1.5

Action                   |  1- 3 |  4- 6 || total
-------------------------+-------+-------++-------
Melee: Unarmed           |    41 |     7 ||    48
       Dagger            |       |    27 ||    27
 Cast: Pain              |    85 |   134 ||   219
       Animate Dead      |       |     6 ||     6
  Use: Scroll            |       |     8 ||     8
Armor: Robe              |     7 |     1 ||     8
Dodge: Dodged            |    28 |    33 ||    61
Block: Other             |     5 |     9 ||    14
